 Dungeon Crawl Stone Soup version 0.22.1-2-g9c5b331 (webtiles) character file.

646 Gearfox the Scholar of Death (level 7, -1/52 HPs)
             Began as a Hill Orc Necromancer on Nov 25, 2018.
             Was a Follower of Kikubaaqudgha.
             Killed from afar by an orc wizard (4 damage)
             ... with a magic dart
             ... on level 5 of the Dungeon.
             The game lasted 00:41:14 (6516 turns).

Gearfox the Scholar of Death (Hill Orc Necromancer) Turns: 6516, Time: 00:41:15

Health: -1/52      AC:  6    Str: 11    XL:     7   Next: 52%
Magic:  12/12      EV: 12    Int: 17    God:    Kikubaaqudgha [*.....]
Gold:   153        SH:  0    Dex: 11    Spells: 5/13 levels left

rFire    + . .     SeeInvis .   u - +8 club
rCold    . . .     Gourm    .   (no shield)
rNeg     . . .     Faith    .   v - +2 robe {rC+}
rPois    .         Spirit   .   (no helmet)
rElec    .         Reflect  .   (no cloak)
rCorr    .         Harm     .   q - +0 pair of gloves
MR       .....                  (no boots)
Stlth    ++........             (no amulet)
HPRegen  0.17/turn              i - ring of fire
MPRegen  0.13/turn              j - +1 ring of protection

@: no status effects
A: no striking features
a: Receive Corpses, Renounce Religion


You were on level 5 of the Dungeon.
You worshipped Kikubaaqudgha.
Kikubaaqudgha was aware of your devotion.
You were not hungry.

You visited 1 branch of the dungeon, and saw 5 of its levels.
You also visited: Sewer.

You collected 153 gold pieces.

Inventory:

Hand Weapons
 l - a +0 hunting sling
 u - a +8 club (weapon)
 y - a +0 club
Missiles
 z - 4 tomahawks (quivered)
Armour
 n - a +0 leather armour
 q - a +0 pair of gloves (worn)
 v - a +2 robe of cold resistance (worn)
Magical Staves
 k - an uncursed staff of wizardry
Jewellery
 i - a ring of fire (left hand)
 j - a +1 ring of protection (right hand)
Wands
 x - a wand of random effects (26)
Scrolls
 a - a scroll of blinking
 e - a scroll of identify
 f - 6 scrolls of remove curse
 h - a scroll of enchant armour {unknown}
 r - 2 scrolls of teleportation
 w - 2 scrolls of enchant weapon {unknown}
Potions
 b - 2 potions of might
 d - 3 potions of flight
 g - a potion of magic
 m - 2 potions of berserk rage
 o - 6 potions of heal wounds {unknown}
 s - a potion of resistance {unknown}
Comestibles
 c - 8 rations
 p - 7 chunks of flesh


   Skills:
 + Level 1.3 Fighting
   Level 0.9 Short Blades
 + Level 0.4 Staves
 + Level 1.2 Armour
 - Level 1.5 Dodging
 - Level 1.5 Stealth
 + Level 3.5 Spellcasting
 * Level 7.3 Necromancy
 + Level 0.1 Evocations


You had 5 spell levels left.
You knew the following spells:

 Your Spells              Type           Power        Failure   Level  Hunger
a - Pain                  Necr           ####         1%          1    None
b - Vampiric Draining     Necr           ####......   2%          3    ###....
c - Animate Skeleton      Necr           N/A          1%          1    None
d - Regeneration          Chrm/Necr      ###.......   11%         3    ###....

Your spell library contained the following spells:

 Spells                   Type           Power        Failure   Level  Hunger
 Sublimation of Blood     Necr           ####......   1%          2    ##.....
 Animate Dead             Necr           N/A          8%          4    ####...


Dungeon Overview and Level Annotations

Branches:
Dungeon (5/15)
 Temple: D:4-7

Altars:
Ashenzari
Cheibriados
Gozag
Hepliaklqana
Kikubaaqudgha
Makhleb
Okawaru
Qazlal
Ru
Trog
Vehumet
The Shining One


Message History

The magic dart hits you!
* * * LOW HITPOINT WARNING * * *
You completely miss something.
The orc wizard gestures wildly while chanting.
The orc wizard blinks!
Something hits you.
* * * LOW HITPOINT WARNING * * *
You feel less confused.
The orc wizard casts a spell.
The orc wizard blinks!
Something barely misses you.
You hear some strange, mumbled words.
Something tries to affect you, but you resist.
The orc wizard mumbles some strange words.
The orc wizard blinks!
Something hits you.
* * * LOW HITPOINT WARNING * * *
You hear some strange, mumbled words.
A magic dart appears from out of thin air!
The magic dart hits you!
You die...
Kikubaaqudgha rasps: "You have failed me!
Welcome... death!"

##...## ### ##'## ..# #.#
#.# #.# #.# #####.###
#####o###.^.....#########
#.......S.#..............
#.###.###.##....#########
#.###@###.#.#
#..)...<....#
#####.###.#.# #.###.#.#
o#######.......#
.o.o......##.###
#####.###o##.#
#.$...<.##.# #.#.##..#...


You could see an orc (wandering) and a ball python.

Vanquished Creatures
  A phantom (D:5)
  A hound (D:2)
  4 orc priests
  A centaur skeleton (D:5)
  Jessica (D:3)
  An iguana (D:5)
  5 orc wizards
  A worker ant zombie (D:5)
  8 adders
  A gnoll (D:1)
  An ooze (D:1)
  2 adder skeletons (D:4)
  2 worms
  2 dart slugs
  A leopard gecko (D:4)
  7 orcs
  4 bats
  A giant cockroach (D:1)
  4 goblins
  5 hobgoblins
  8 jackals
  11 kobolds
  4 quokkas
  2 ball pythons
  8 frilled lizards
  A leopard gecko skeleton (D:4)
  11 rats
98 creatures vanquished.

Vanquished Creatures (collateral kills)
  An orc (D:4)
1 creature vanquished.

Grand Total: 99 creatures vanquished

Notes
Turn   | Place    | Note
-------+----------+-------------------------------------------
     0 | D:1      | Gearfox the Hill Orc Necromancer began the quest for the
                  | Orb.
     0 | D:1      | Reached XP level 1. HP: 14/14 MP: 3/3
   186 | D:1      | Reached XP level 2. HP: 14/20 MP: 1/4
   650 | D:1      | Reached XP level 3. HP: 26/26 MP: 3/5
  1212 | D:1      | Reached skill level 5 in Necromancy
  1640 | D:2      | Learned a level 3 spell: Vampiric Draining
  1642 | D:2      | Learned a level 1 spell: Animate Skeleton
  1671 | D:2      | Reached skill level 1 in Fighting
  1671 | D:2      | Reached XP level 4. HP: 13/35 MP: 5/7
  1979 | D:2      | Found a stormy altar of Qazlal.
  2677 | D:3      | Found a glowing drain.
  2682 | Sewer    | Entered a sewer
  2710 | Sewer    | Reached XP level 5. HP: 36/40 MP: 2/8
  3191 | D:3      | Found a shattered altar of Ashenzari.
  3495 | D:3      | Found a bloodstained altar of Trog.
  3496 | D:3      | Found a glowing golden altar of the Shining One.
  3497 | D:3      | Noticed Jessica
  3498 | D:3      | Found a snail-covered altar of Cheibriados.
  3512 | D:3      | Killed Jessica
  3539 | D:3      | Found a burning altar of Makhleb.
  3539 | D:3      | Found a radiant altar of Vehumet.
  3539 | D:3      | Found an opulent altar of Gozag.
  3541 | D:3      | Found a hazy altar of Hepliaklqana.
  3542 | D:3      | Found a sacrificial altar of Ru.
  3580 | D:3      | Found an ancient bone altar of Kikubaaqudgha.
  3608 | D:3      | Became a worshipper of Kikubaaqudgha
  4100 | D:3      | Reached skill level 1 in Armour
  4516 | D:4      | Found an iron altar of Okawaru.
  4940 | D:4      | Reached skill level 6 in Necromancy
  4940 | D:4      | Reached XP level 6. HP: 25/47 MP: 2/9
  5366 | D:4      | HP: 2/47 [orc priest/divine providence (8)]
  5841 | D:4      | Learned a level 3 spell: Regeneration
  6081 | D:5      | Entered Level 5 of the Dungeon
  6081 | D:5      | Noticed a phantom
  6118 | D:5      | Reached XP level 7. HP: 19/52 MP: 4/11
  6342 | D:5      | Reached skill level 7 in Necromancy
  6415 | D:5      | Reached * piety under Kikubaaqudgha
  6415 | D:5      | Identified Kikubaaqudgha's Papyrus of Evil (Kikubaaqudgha
                  | gifted it to you on level 5 of the Dungeon)
  6415 | D:5      | Received a gift from Kikubaaqudgha
  6516 | D:5      | Killed from afar by an orc wizard

Skill      XL: |  1  2  3  4  5  6  7 |
---------------+----------------------+-----
Necromancy     | 5 6 7 |  7.3
Fighting       | 1 |  1.3
Spellcasting   | 2 3 |  3.5
Armour         | 1 |  1.2
Short Blades   | |  0.9
Staves         | |  0.4
Dodging        | |  1.5
Stealth        | |  1.5
Evocations     | |  0.1

Action                   |  1- 3 |  4- 6 |  7- 9 || total
-------------------------+-------+-------+-------++-------
Melee: Short sword       |    42 |     6 |       ||    48
       Staff             |       |    19 |       ||    19
       Club              |       |    31 |    35 ||    66
 Cast: Pain              |    25 |    96 |     6 ||   127
       Animate Skeleton  |     1 |     3 |       ||     4
       Vampiric Draining |       |    12 |     1 ||    13
       Regeneration      |       |       |     3 ||     3
Evoke: Wand              |       |     3 |       ||     3
  Use: Scroll            |     4 |     8 |       ||    12
       Potion            |       |     2 |     1 ||     3
 Stab: Sleeping          |     3 |     1 |       ||     4
  Eat: Chunk             |     2 |    11 |       ||    13
       Ration            |       |     2 |     1 ||     3
Armor: Robe              |     5 |    23 |    16 ||    44
       Leather armour    |       |     6 |       ||     6
Dodge: Dodged            |    39 |    70 |    13 ||   122
